 Dungeon Crawl Stone Soup version 0.29-a0-459-g97dee8cd24 (webtiles) character file.

Game seed: 5473514812828765126

6289 happo123 the Nimble (level 11, -5/68 HPs)
             Began as a Djinni Earth Elementalist on May 21, 2022.
             Was a Believer of Hepliaklqana.
             Slain by a two-headed ogre
             ... wielding a +0 giant club
              (28 damage)
             ... on level 9 of the Dungeon.
             The game lasted 01:19:30 (7760 turns).

happo123 the Nimble (Djinni Earth Elementalist)     Turns: 7760, Time: 01:19:31

Health: -5/68      AC: 10    Str:  7    XL:     11   Next: 15%
Gold:   137        EV: 15    Int: 22    God:    Hepliaklqana [**....] SH:  0 Dex: 13

rFire   + + +      SeeInvis .   q - +0 short sword (protect)
rCold   x x .      Faith    .   (no shield)
rNeg    + . .      Spirit   .   w - +3 leather armour {rN+}
rPois   ∞          Reflect  .   H - +0 hat
rElec   .          Harm     .   g - +1 cloak
rCorr   .          Rampage  .   s - +0 pair of gloves
Will    +....                   (boots unavailable)
Stlth   +++.......              (no amulet)
HPRegen 0.21/turn               b - ring of fire
MPRegen 0.00/turn               (no ring)

@: flying
A: reduced essence, sickness immunity, fire resistance 2, cold vulnerability 1,
float, innate caster, HP casting, extra vitality 1
a: Renounce Religion, Recall Ancestor, Ancestor Identity


You were on level 9 of the Dungeon.
You worshipped Hepliaklqana.
Hepliaklqana was pleased with you.
You visited 2 branches of the dungeon, and saw 10 of its levels.

You collected 473 gold pieces.
You spent 336 gold pieces at shops.

Inventory:

Hand Weapons
 m - a +4 hand axe
 q - a +0 short sword of protection (weapon)
 D - a +3 shortbow of flaming
Missiles
 a - 122 stones
 C - a throwing net
Armour
 g - a +1 cloak (worn)
 s - a +0 pair of gloves (worn)
 w - a +3 leather armour of positive energy (worn)
 H - a +0 hat (worn)
Magical Staves
 x - a staff of cold
 z - a staff of air
Jewellery
 b - a ring of fire (left hand)
Wands
 t - a wand of polymorph (10)
 A - a wand of paralysis (22)
 G - a wand of digging (5)
 I - a wand of iceblast (17)
Scrolls
 c - 5 scrolls of teleportation
 d - 3 scrolls of enchant weapon
 f - 3 scrolls of identify
 i - 2 scrolls of amnesia {unknown}
 j - 2 scrolls of blinking {unknown}
 l - 3 scrolls of vulnerability
 o - a scroll of acquirement {unknown}
 u - a scroll of poison {unknown}
 v - a scroll of enchant armour {unknown}
 y - a scroll of brand weapon {unknown}
 E - a scroll of fog {unknown}
 F - a scroll of magic mapping {unknown}
Potions
 e - a potion of might
 h - 3 potions of brilliance
 k - 4 potions of curing
 n - a potion of lignification {unknown}
 p - 6 potions of heal wounds
 r - 3 potions of haste
 B - a potion of magic {unknown}


   Skills:
 + Level 5.2 Fighting
 + Level 5.4 Armour
 * Level 9.3 Dodging
 * Level 7.6 Stealth
 * Level 6.7 Spellcasting


You couldn't memorise any spells.
You knew the following spells:

 Your Spells              Type           Power      Damage    Failure   Level
a - Sandblast             Erth           74%        2d16      1%          1
b - Passwall              Tmut/Erth      30%        N/A       1%          2
c - Stone Arrow           Conj/Erth      74%        3d11      2%          3
d - Petrify               Tmut/Erth      37%        N/A       8%          4
e - Slow                  Hex            100%       N/A       1%          1
f - Static Discharge      Conj/Air       37%        N/A       1%          2
g - Blink                 Tloc           74%        N/A       1%          2
h - Frozen Ramparts       Ice            74%        1d9       2%          3
i - Summon Mana Viper     Hex/Summ       37%        N/A       21%         5
Your spell library was empty.

Dungeon Overview and Level Annotations

Branches:
Dungeon (9/15)             Temple (1/1) D:5
   Lair: D:8-11         Orc: D:9-12

Altars:
Ashenzari
Cheibriados
Dithmenos
Elyvilon
Hepliaklqana
Kikubaaqudgha
Makhleb
Nemelex Xobeh
Okawaru
Qazlal
Ru
Sif Muna
Trog
Uskayaw
Vehumet
Wu Jian
Yredelemnul
Zin
The Shining One

Shops:
D:4 (   D:5 *   D:7 =*((


Innate Abilities, Weirdness & Mutations

Your life essence is reduced to manifest your ancestor. (-10% HP)
You are immune to sickness and miasma.
You are immune to poison.
Your flesh is very heat resistant. (rF++)
You are vulnerable to cold. (rC-)
You float through the air rather than walking.
You learn spells naturally, not from books.
Your magical power is your life essence.
You have superior vitality. (+4 MHP)


Message History

The stone arrow hits the two-headed ogre!!
The two-headed ogre is heavily wounded.
A two-headed ogre is nearby!
A two-headed ogre is nearby!
A two-headed ogre is nearby!
Aiming: Stone Arrow (dangerous; 2% risk of failure)
Press: ? - help, Q - select action, (/) - cycle Shift-Dir - straight line, f/p - two-headed ogre
Aim: a two-headed ogre, wielding two +0 giant clubs (lightly wounded, 88% to hit)
The stone arrow misses the two-headed ogre.
The stone arrow hits the two-headed ogre!
The two-headed ogre is moderately wounded.
There is an open door here.
There is a stone staircase leading up here.
Branko emerges from the mists of memory!
You fly upwards.
Reactivating autopickup.
There is a stone staircase leading down here.
You start resting.
HP restored.
You start waiting.
Done waiting.
Branko is recalled.
You start resting.
HP restored.
There is a stone staircase leading down here.
You fly downwards.
The two-headed ogre hits you but does no damage.
The two-headed ogre hits you with a +0 giant club!!
The two-headed ogre hits you with a +0 giant club!
The two-headed ogre hits you but does no damage.
There is a stone staircase leading up here.
The two-headed ogre attacks as you move away!
The two-headed ogre barely misses you.
The two-headed ogre hits you with a +0 giant club!
Branko hits the two-headed ogre but does no damage.
Branko barely misses the two-headed ogre.
Branko hits the two-headed ogre with a +0 flail.
Branko is recalled.
The two-headed ogre hits you with a +0 giant club!!
You die...

# #.. . #.# #.# # ... ..#
# #.. #.# #.# ##### #..
#R# #.####....
#..##.#######.##......
.## ...#.#....##.##...^..
.... ..#@#....##......###
.##..#.#O#.....'......###
.......#.#....##.........
#....##≈
#..#.....#.#..........##≈
#......#.#.#..........##≈


You could see the friendly Branko the knight and 3 two-headed ogres.

Vanquished Creatures
  Joseph (D:9)
  2 wyverns (D:9)
  Menkaure (D:4)
  Edmund (D:4)
  A sky beast (D:6)
  2 black bears (D:5)
  A water moccasin (D:8)
  3 ice beasts (D:5)
  3 phantoms
  A centaur (D:6)
  2 ogres (D:4)
  3 kobold brigands
  A scorpion (D:5)
  2 water moccasin zombies (D:6)
  2 wights (D:8)
  A wyvern skeleton (D:6)
  4 killer bees
  2 howler monkeys
  A centaur zombie (D:6)
  A bullfrog zombie (D:6)
  A gnoll shaman (D:8)
  3 iron imps (D:3)
  4 hounds
  5 orc priests
  6 jellies
  3 iguanas
  7 orc wizards
  2 killer bee zombies (D:6)
  7 gnolls
  7 adders
  4 white imps
  An ufetubus (D:4)
  2 dart slugs
  22 orcs
  3 endoplasms
  2 giant cockroaches
  14 goblins
  5 hobgoblins
  3 jackals (D:1)
  27 kobolds
  2 quokkas
  6 ball pythons
  8 bats
  2 frilled lizards (D:2)
  A goblin skeleton (D:7)
  5 goblin zombies
  4 rats
191 creatures vanquished.

Vanquished Creatures (collateral kills)
  Gastronok (D:8)
  A human (D:8)
  An ice beast (D:8)
  2 centaurs
  2 kobold brigands (D:8)
  A scorpion (D:6)
  A necrophage (D:7)
  2 wights (D:8)
  A water moccasin skeleton (D:6)
  A killer bee (D:8)
  A howler monkey (D:7)
  3 centaur zombies (D:6)
  An orc priest (D:7)
  A bullfrog skeleton (D:6)
  A gnoll shaman (D:7)
  2 iguanas (D:6)
  An orc wizard (D:8)
  3 killer bee zombies (D:6)
  A howler monkey zombie (D:6)
  An adder (D:6)
  5 gnolls
  5 orcs
  A goblin skeleton (D:7)
  A goblin zombie (D:7)
  2 hobgoblin zombies (D:7)
  7 kobolds
49 creatures vanquished.

Vanquished Creatures (others)
  A wizard (D:5)
  A gnoll sergeant (D:9)
  A knight (D:9)
  An orc wizard (D:5)
  An ancestor (D:6)
  2 plants (D:7)
  7 withered plants (D:6)
14 creatures vanquished.

Grand Total: 254 creatures vanquished

Notes
Turn   | Place    | Note
-------+----------+-------------------------------------------
     0 | D:1      | happo123 the Djinni Earth Elementalist began the quest for
                  | the Orb.
     0 | D:1      | Reached XP level 1. HP: 15/15 MP: 0/0
    89 | D:1      | Reached XP level 2. HP: 7/21 MP: 0/0
   368 | D:1      | Reached XP level 3. HP: 13/25 MP: 0/0
   368 | D:1      | Learned a level 1 spell: Slow
   881 | D:2      | Reached skill level 3 in Dodging
   949 | D:2      | Reached XP level 4. HP: 29/31 MP: 0/0
  1867 | D:3      | Reached skill level 1 in Armour
  1867 | D:3      | Reached XP level 5. HP: 35/36 MP: 0/0
  1867 | D:3      | Learned a level 2 spell: Static Discharge
  1867 | D:3      | Found a broken altar of Ashenzari.
  2021 | D:3      | Found a burning altar of Makhleb.
  2027 | D:3      | Reached skill level 1 in Fighting
  2330 | D:3      | Found a faded altar of an unknown god.
  2422 | D:4      | Reached XP level 6. HP: 41/42 MP: 0/0
  2472 | D:4      | Noticed Edmund
  2479 | D:4      | Reached skill level 4 in Dodging
  2486 | D:4      | Killed Edmund
  2487 | D:4      | Reached XP level 7. HP: 9/48 MP: 0/0
  2487 | D:4      | Learned a level 2 spell: Blink
  2851 | D:4      | Found Kozukloes's Weapon Emporium.
  3063 | D:4      | Noticed Menkaure
  3071 | D:4      | Killed Menkaure
  3072 | D:4      | Reached skill level 5 in Dodging
  3072 | D:4      | Reached XP level 8. HP: 30/55 MP: 0/0
  3299 | D:5      | Entered Level 5 of the Dungeon
  3313 | D:5      | Found a staircase to the Ecumenical Temple.
  3323 | Temple   | Entered the Ecumenical Temple
  3460 | Temple   | Became a worshipper of Hepliaklqana the Forgotten
  3818 | D:5      | Reached skill level 6 in Dodging
  3861 | D:5      | Found a bloodstained altar of Trog.
  3862 | D:5      | Noticed a wizard
  3868 | D:5      | Killed a wizard
  3961 | D:5      | Found an iron altar of Okawaru.
  4049 | D:5      | Reached skill level 5 in Stealth
  4049 | D:5      | Reached XP level 9. HP: 47/61 MP: 0/0
  4049 | D:5      | Learned a level 3 spell: Frozen Ramparts
  4272 | D:5      | Found Jerethry's Assorted Antiques.
  4282 | D:5      | Bought a scroll labelled BITENATSIS for 24 gold pieces
  4282 | D:5      | Bought a scroll labelled BITENATSIS for 24 gold pieces
  4282 | D:5      | Bought a crooked jewelled staff for 288 gold pieces
  4456 | D:6      | Reached skill level 5 in Spellcasting
  4531 | D:6      | Reached * piety under Hepliaklqana
  4626 | D:6      | Found a shadowy altar of Dithmenos.
  5080 | D:6      | Reached skill level 7 in Dodging
  5637 | D:6      | Reached XP level 10. HP: 41/60 MP: 0/0
  5808 | D:7      | Found Pyitteas's Jewellery Boutique.
  5907 | D:7      | Found a glowing golden altar of the Shining One.
  5992 | D:7      | Found Zahudaur's General Store.
  6127 | D:7      | Found a white marble altar of Elyvilon.
  6163 | D:7      | Found Dulaurut's Weapon Shop.
  6369 | D:7      | Found Pesymey's Antique Weapon Emporium.
  6439 | D:7      | Reached ** piety under Hepliaklqana
  6440 | D:7      | Remembered your ancestor Branko as a knight
  6500 | D:7      | Reached skill level 8 in Dodging
  6772 | D:8      | Found a runed translucent door.
  6778 | D:8      | Found a basalt altar of Yredelemnul.
  6901 | D:8      | Found a hide-covered altar of Uskayaw.
  6936 | D:8      | Found a hide-covered altar of Uskayaw.
  7089 | D:8      | Noticed Gastronok
  7096 | D:8      | Killed Gastronok
  7097 | D:8      | Reached skill level 5 in Fighting
  7097 | D:8      | Reached skill level 5 in Armour
  7097 | D:8      | Reached skill level 9 in Dodging
  7097 | D:8      | Reached XP level 11. HP: 55/67 MP: 0/0
  7097 | D:8      | Learned a level 5 spell: Summon Mana Viper
  7369 | D:9      | Noticed a two-headed ogre
  7386 | D:9      | Noticed Joseph
  7406 | D:9      | Noticed a two-headed ogre
  7412 | D:9      | Killed Joseph
  7756 | D:9      | Noticed a two-headed ogre
  7760 | D:9      | Slain by a two-headed ogre

Illustrated notes

Levels and vault maps discovered:
D:1:      minmay_arrival_diagonal_passages, layout_basic, grunt_decor_arrowhead,
          nrook_campfire
D:2:      layout_basic
D:3:      layout_basic, demons_altar, nicolae_overflow_crystal_walls,
          hellmonk_ecumenical_altar_leap_of_faith, minmay_misc_feat_plants
D:4:      layout_loops_ring, serial_shops, nicolae_shop_stone,
          hangedman_decor_clover_reticule, uniq_menkaure, uniq_edmund
D:5:      layout_loops_ring, okawaru_altar_gauntlet_db, trog_wizard,
          minmay_temple_entry_junction, serial_shops, shop
D:6:      layout_loops_ring, lemuel_tele_altar, serial_undead, serial_undead_d,
          serial_undead_b, serial_undead_a, serial_undead_f, serial_undead_e,
          serial_undead_c
D:7:      layout_loops_cross, nicolae_tso_besieged_by_evil,
          mainiacjoe_overflow_boulevard, serial_shops, shop,
          nicolae_take_the_stairs, kennysheep_mini, nicolae_shop_trees
D:8:      layout_cave_pools, kennysheep_little_box, dk_yredelemnul_ordeal,
          nicolae_uskayaw_dance_studio, kennysheep_flooded_box, uniq_gastronok
D:9:      layout_basic, xom_confusion_cloud, serial_aquarium,
          aquarium_bridge_square [aquarium_subvault_window,
          aquarium_subvault_bridge, aquarium_subvault_wall,
          aquarium_subvault_wall], aquarium_bridge_long_separate
          [aquarium_subvault_window, aquarium_subvault_bridge,
          aquarium_subvault_wall, aquarium_subvault_bridge,
          aquarium_subvault_bridge, aquarium_subvault_wall], aquarium_window_1,
          aquarium_window_fake, aquarium_window_double, aquarium_window_2,
          aquarium_view_2c, aquarium_balcony_3a, aquarium_pool_1, uniq_joseph,
          uniq_erica
Temple:   dpeg_three_leaves_temple

Skill      XL: |  1  2  3  4  5  6  7  8  9 10 |
---------------+-------------------------------+-----
Stealth        | 2 3 4 5 6 7 |  7.6
Dodging        | 3 4 5 6 7 9 |  9.3
Spellcasting   | 3 4 5 6 |  6.7
Armour         | 1 2 3 4 5 |  5.4
Fighting       | 1 2 3 4 5 |  5.2

Action                   |  1- 3 |  4- 6 |  7- 9 | 10-12 || total
-------------------------+-------+-------+-------+-------++-------
Melee: Dagger            |     5 |     5 |       |       ||    10
       Unarmed           |     1 |       |       |       ||     1
       Short sword       |       |     7 |    27 |    27 ||    61
       Hand axe          |       |       |    21 |       ||    21
 Cast: Sandblast         |    48 |    38 |    45 |    22 ||   153
       Stone Arrow       |       |    15 |    74 |    36 ||   125
       Passwall          |       |     1 |       |       ||     1
       Static Discharge  |       |       |     9 |     3 ||    12
       Frozen Ramparts   |       |       |     1 |     9 ||    10
Invok: Recall Ancestor   |       |       |       |     3 ||     3
       Ancestor Life: Kn |       |       |       |     1 ||     1
       Ancestor Identity |       |       |       |     1 ||     1
  Use: Scroll            |       |       |     5 |     2 ||     7
 Stab: Sleeping          |       |     7 |     1 |     1 ||     9
Armor: Robe              |     7 |     4 |     1 |       ||    12
       Leather armour    |       |       |    43 |    19 ||    62
Dodge: Dodged            |    10 |    10 |    74 |    47 ||   141

Table legend: (Time is in decaauts)
 A = Elapsed time spent in this place.
 B = Non-inter-level travel time spent in this place.
 C = Inter-level travel time spent in this place.
 D = Time resting spent in this place.
 E = Time spent auto-exploring this place.
 F = Levels seen in this place.
 G = Mean time per level.
                   A        B        C        D        E       F      G
               +--------+--------+--------+--------+--------+-----+--------+
         Total |   7795 |   4505 |   3290 |   1157 |   1783 |  10 |  779.5 |
       Dungeon |   7648 |   4395 |   3253 |   1157 |   1683 |   9 |  849.8 |
        Temple |    146 |    109 |     37 |      0 |    100 |   1 |  146.0 |
               +--------+--------+--------+--------+--------+-----+--------+

Top non-repeatable levels by time:
     D:6: 1362 daAuts
     D:5: 994 daAuts
     D:8: 957 daAuts
     D:4: 900 daAuts
     D:7: 845 daAuts
     D:1: 841 daAuts
     D:3: 837 daAuts
     D:2: 719 daAuts
     D:9: 190 daAuts
  Temple: 146 daAuts
